 Dungeon Crawl Stone Soup version 0.32-a0-675-gdc239d62e1 (webtiles) character file.

Game seed: 9419197563314039129

1043186 jasper the Heavyweight Champion (level 26, -13/130 (408) HPs)
             Began as a Troll Fighter on Mar 10, 2024.
             Was the Champion of Ru.
             Mangled by an Ice Fiend (15 damage)
             ... on level 7 of Cocytus on Mar 11, 2024.
             The game lasted 03:01:03 (77108 turns).

jasper the Heavyweight Champion (Troll Fighter)    Turns: 77108, Time: 03:01:04

HP:   -13/130 (408) AC: 40    Str: 29 (33) XL:     26
MP:   19/19         EV: 10    Int:  4 (13) God:    Ru [******]
Gold: 9136          SH: 28    Dex:  5 (8)  Spells: 14/25 levels left

rFire   + +          .
                       - Unarmed
rCold   + + .        l - +8 tower shield {rC+}
rNeg    + + .        a - melded +4 skin of Zhor {*Englaciate rC+++ SInv}
rPois   ∞            b - +2 hat "Cen Xieh" {Int+4}
rElec   +            i - +2 cloak {Will+}
rCorr   .            (gloves unavailable)
SInv    .            (boots unavailable)
Will    ++...        h - amulet of regeneration
Stlth   ++           c - ring of Periryim {Fly Dex+3 Stlth+}
HPRegen 2.01/turn    Z - ring "Opush" {rF+ rC+ rN+ Int+3}
MPRegen 0.16/turn

%: no passive effects
@: statue-form, flying, studying 3 skills, extremely drained, unable to drink,
very slow
A: slow and powerful, torment resistance 1, boosted hp, large, unfitting armour,
claws 3, dopey 1, regeneration 1, (shaggy fur 1), (tough skin 1), inability to
use devices, inability to train armour, no air magic, no conjurations magic, no
hexes magic, disrupted magic 1, inexperienced 1, horns 1, clumsy 2, fire
resistance 1, low MP 1, mutation resistance 1, weak 1, [deterioration 1]
}: 12/15 runes: decaying, slimy, silver, iron, bone, abyssal, demonic, glowing,
magical, fiery, dark, gossamer
a: Begin Untransformation, Renounce Religion, Draw Out Power, Power Leap,
Apocalypse


You were on level 7 of Cocytus.
You worshipped Ru.
Ru was exalted by your worship.
You were a living statue of rough stone.
You visited 17 branches of the dungeon, and saw 79 of its levels.
You visited Pandemonium 2 times, and saw 16 of its levels.
You visited the Abyss 1 time.
You also visited: Ice Cave and Wizlab.

You collected 14492 gold pieces.
You spent 5356 gold pieces at shops.

Inventory:

Missiles
 g - 3 throwing nets
 o - 122 large rocks (quivered)
 H - 10 javelins
Armour
 a - the +4 skin of Zhor (melded) {*Englaciate rC+++ SInv}
   (You found it on level 1 of the Lair of Beasts)

   *Englaciate: It radiates cold, occasionally slowing all nearby creatures who
   are not resistant to cold.
   rC+++:     It renders you almost immune to cold.
   SInv:      It lets you see invisible.
 b - the +2 hat "Cen Xieh" (worn) {Int+4}
   (You found it on level 4 of the Spider Nest)

   Int+4:     It affects your intelligence (+4).
 i - a +2 cloak of willpower (worn)
 l - a +8 tower shield of cold resistance (worn)
 n - +11 gold dragon scales
Jewellery
 c - the ring of Periryim (left claw) {Fly Dex+3 Stlth+}
   (You found it on level 5 of the Lair of Beasts)

   [ring of flight]

   Dex+3:     It affects your dexterity (+3).
   Fly:       It grants you flight.
   Stlth+:    It makes you more stealthy.
 h - an amulet of regeneration (around neck)
 p - an amulet of reflection
 t - a ring of positive energy
 u - a ring of positive energy
 y - a ring of fire
 B - a +6 ring of intelligence
 F - the ring "Ijierhal" {Will++ EV+5 Str+3 SInv}
   (You found it on level 5 of the Pits of Slime)

   [ring of evasion]

   EV+5:      It affects your evasion (+5).
   Str+3:     It affects your strength (+3).
   Will++:    It greatly increases your willpower.
   SInv:      It lets you see invisible.
 I - the necklace of Bloodlust {Fury *Rage Will++ Int-3 Slay+6}
   (You took it off Dispater on level 7 of the Iron City of Dis)

   [amulet of nothing]

   Fury:      It extends the wearer's berserk rage when killing foes.
   Int-3:     It affects your intelligence (-3).
   Slay+6:    It affects your accuracy & damage with ranged weapons and melee
   (+6).
   Will++:    It greatly increases your willpower.
   *Rage:     It berserks you when you make melee attacks (+50% chance).
 K - a ring of see invisible
 O - a +4 ring of protection
 P - the amulet of Vabufat {Faith rCorr Dex+2}
   (You found it in an ice cave)

   [amulet of faith]

   Faith:     It allows you to gain divine favour quickly.
   Dex+2:     It affects your dexterity (+2).
   rCorr:     It protects you from acid and corrosion.
 V - a +4 ring of slaying
 Y - a ring of ice
 Z - the ring "Opush" (right claw) {rF+ rC+ rN+ Int+3}
   (You bought it in a shop on level 5 of the Vaults)

   [ring of protection from cold]

   Int+3:     It affects your intelligence (+3).
   rF+:       It protects you from fire.
   rC+:       It protects you from cold.
   rN+:       It protects you from negative energy.
Talismans
 m - a granite talisman (active)
 U - a storm talisman
Scrolls
 q - 7 scrolls of blinking
 v - 6 scrolls of summoning
 w - 9 scrolls of poison
 x - 18 scrolls of fog
 A - 27 scrolls of teleportation
 J - 8 scrolls of torment
 L - 15 scrolls of immolation
 M - 4 scrolls of revelation
 N - 9 scrolls of fear
 Q - 2 scrolls of silence
 T - 11 scrolls of noise
Potions
 d - 4 potions of cancellation
 e - 7 potions of enlightenment
 f - 2 potions of berserk rage
 j - 5 potions of magic
 k - 25 potions of curing
 r - 4 potions of ambrosia
 s - 3 potions of heal wounds
 z - 4 potions of resistance
 C - 6 potions of haste
 D - 7 potions of brilliance
 G - 15 potions of attraction
 R - 14 potions of mutation
 S - 6 potions of invisibility
 W - 5 potions of lignification
 X - 12 potions of might


   Skills:
 O Level 27 Fighting
 - Level 19.2 Throwing
 + Level 9.2 Dodging
 - Level 22.0 Shields
 O Level 27 Unarmed Combat
 - Level 9.0 Necromancy
 - Level 23.3 Shapeshifting


You had 14 spell levels left.
You knew the following spells:

 Your Spells              Type           Power      Damage    Failure   Level
a - Blink                 Tloc           0%         N/A       82%         2
b - Fugue of the Fallen   Necr           7%         N/A       10%         3
c - Death Channel         Necr           3%         N/A       98%         6

Your spell library contained the following spells:

 Spells                   Type           Power      Damage    Failure   Level
 Necrotise                Necr           28%        1d5       3%          1
 Vampiric Draining        Necr           7%         2d6       10%         3
 Animate Dead             Necr           7%         N/A       26%         4
 Dispel Undead            Necr           7%         3d8       26%         4
 Curse of Agony           Necr           7%         N/A       56%         5
 Freeze                   Ice            0%         1d3       69%         1
 Sandblast                Erth           0%         2d4       69%         1
 Summon Small Mammal      Summ           0%         N/A       69%         1
 Call Imp                 Summ           0%         N/A       82%         2
 Lesser Beckoning         Tloc           0%         N/A       82%         2
 Scorch                   Fire           0%         2d5       82%         2
 Call Canine Familiar     Summ           0%         N/A       96%         3
 Frozen Ramparts          Ice            0%         1d1       96%         3
 Gell's Gravitas          Tloc           0%         N/A       96%         3
 Ozocubu's Armour         Ice            0%         N/A       96%         3
 Passwall                 Erth           0%         N/A       96%         3
 Summon Ice Beast         Ice/Summ       0%         N/A       96%         3
 Teleport Other           Tloc           0%         N/A       96%         3
 Volatile Blastmotes      Fire/Tloc      0%         2d10      96%         3
 Borgnjor's Vile Clutch   Necr/Erth      1%         N/A       99%         5
 Animate Armour           Summ/Erth      0%         N/A       100%        4
 Ignite Poison            Fire/Alch      0%         N/A       100%        4
 Leda's Liquefaction      Alch/Erth      0%         N/A       100%        4
 Manifold Assault         Tloc           0%         N/A       100%        4
 Olgreb's Toxic Radiance  Alch           0%         N/A       100%        4
 Passage of Golubria      Tloc           0%         N/A       100%        4
 Petrify                  Alch/Erth      0%         N/A       100%        4
 Sticky Flame             Fire/Alch      0%         2d4       100%        4
 Summon Blazeheart Golem  Fire/Summ      0%         N/A       100%        4
 Alistair's Intoxication  Alch           0%         N/A       100%        5
 Lee's Rapid Deconstruct  Erth           0%         3d4*      100%        5
 Summon Forest            Summ/Tloc      0%         N/A       100%        5
 Dispersal                Tloc           0%         N/A       100%        6
 Eringya's Noxious Bog    Alch           0%         4d6       100%        6
 Sculpt Simulacrum        Ice/Alch       0%         N/A       100%        6
 Summon Cactus Giant      Summ           0%         N/A       100%        6
 Haunt                    Necr/Summ      1%         N/A       100%        7
 Malign Gateway           Summ/Tloc      0%         N/A       100%        7
 Ozocubu's Refrigeration  Ice            0%         4d7       100%        7
 Summon Hydra             Summ           0%         N/A       100%        7
 Borgnjor's Revivificati  Necr           3%         N/A       100%        8
 Disjunction              Tloc           0%         N/A       100%        8
 Ignition                 Fire           0%         3d3       100%        8
 Infestation              Necr           3%         N/A       100%        8
 Summon Horrible Things   Summ           0%         N/A       100%        8
 Death's Door             Necr           3%         N/A       100%        9
 Dragon's Call            Summ           0%         N/A       100%        9
 Polar Vortex             Ice            0%         N/A       100%        9
 Kiss of Death            Conj/Necr      Unusable   2d6       N/A         1
 Cigotuvi's Dreadful Rot  Necr/Alch/Air  Unusable   N/A       N/A         2
 Magic Dart               Conj           Unusable   1d3       N/A         1
 Shock                    Conj/Air       Unusable   1d3       N/A         1
 Sting                    Conj/Alch      Unusable   1d3       N/A         1
 Ensorcelled Hibernation  Hex/Ice        Unusable   N/A       N/A         2
 Mercury Vapours          Alch/Air       Unusable   N/A       N/A         2
 Momentum Strike          Conj/Tloc      Unusable   3d8       N/A         2
 Searing Ray              Conj           Unusable   2d4       N/A         2
 Anguish                  Hex/Necr       Unusable   N/A       N/A         4
 Confusing Touch          Hex            Unusable   N/A       N/A         3
 Dazzling Flash           Conj/Hex       Unusable   N/A       N/A         3
 Hailstorm                Conj/Ice       Unusable   3d5       N/A         3
 Inner Flame              Hex/Fire       Unusable   N/A       N/A         3
 Mephitic Cloud           Conj/Alch/Air  Unusable   N/A       N/A         3
 Sigil of Binding         Hex            Unusable   N/A       N/A         3
 Stone Arrow              Conj/Erth      Unusable   3d7       N/A         3
 Swiftness                Air            Unusable   N/A       N/A         3
 Tukima's Dance           Hex            Unusable   N/A       N/A         3
 Airstrike                Air            Unusable   2d(0-16)  N/A         4
 Brom's Barrelling Bould  Conj/Erth      Unusable   2d3       N/A         4
 Cause Fear               Hex            Unusable   N/A       N/A         4
 Flame Wave               Conj/Fire      Unusable   2d4       N/A         4
 Fulminant Prism          Conj/Alch      Unusable   3d5       N/A         4
 Iskenderun's Mystic Bla  Conj/Tloc      Unusable   2d3       N/A         4
 Summon Lightning Spire   Summ/Air       Unusable   N/A       N/A         4
 Fireball                 Conj/Fire      Unusable   3d3       N/A         5
 Freezing Cloud           Conj/Ice/Air   Unusable   6-21      N/A         5
 Irradiate                Conj/Alch      Unusable   3d11      N/A         5
 Metabolic Englaciation   Hex/Ice        Unusable   N/A       N/A         5
 Silence                  Hex/Air        Unusable   N/A       N/A         5
 Yara's Violent Unravell  Hex/Alch       Unusable   3d3       N/A         5
 Conjure Ball Lightning   Conj/Air       Unusable   3x3d6     N/A         6
 Discord                  Hex            Unusable   N/A       N/A         8
 Lehudib's Crystal Spear  Conj/Erth      Unusable   10d2      N/A         8
 Maxwell's Capacitive Co  Air            Unusable   ∞         N/A         8

Dungeon Overview and Level Annotations

Branches:
Dungeon (15/15)            Temple (1/1) D:4            Lair (5/5) D:8
  Swamp (4/4) Lair:2       Spider (4/4) Lair:2        Slime (5/5) Lair:5
    Orc (2/2) D:10            Elf (3/3) Orc:2        Vaults (5/5) D:13
  Crypt (3/3) Vaults:2       Tomb (1/3) Crypt:3      Depths (4/4) D:15
   Hell (visited)             Dis (7/7) Hell            Geh (0/7) Hell
    Coc (7/7) Hell            Tar (7/7) Hell            Zot (5/5) Depths:4
  IceCv (visited)          WizLab (visited)

Altars:
Ashenzari
Cheibriados
Dithmenos
Elyvilon
Fedhas
Gozag
Hepliaklqana
Kikubaaqudgha
Makhleb
Nemelex Xobeh
Okawaru
Qazlal
Ru
Sif Muna
Trog
Uskayaw
Vehumet
Wu Jian
Xom
Yredelemnul
Zin
The Shining One
Jiyva

Shops:
D:1 !   D:7 [   D:13 ?   Orc:2 ****   Elf:1 (   Vaults:1 !   Vaults:3 (=(
Vaults:5 ??=   Depths:2 ?   Depths:4 ?

Portals:
Hell: Depths:1 Depths:2 Depths:3 Depths:4
Abyss: Depths:1 Depths:3
Pandemonium: Depths:2
Ziggurat: Depths:3

Annotations:
Swamp:4 exclusion: oklob plant
Elf:1 1 runed translucent door, Jabb's ghost, adept DsGl
Tar:5 1 exclusion
Zot:3 1 transporter
Zot:5 1 exclusion


Innate Abilities, Weirdness & Mutations

You are a living statue of rough stone.
Your actions are slow, but your melee attacks are powerful.
You are resistant to unholy torment.
Your maximum health is greatly increased.
Your equipment is partially melded.
You are too large for most types of armour.
You are immune to poison.
You have claws for hands.
You are dopey. (Int -2)
Your natural rate of healing is unusually fast.
((You are covered in fur. (AC +1)))
((You have tough skin. (AC +1)))
You cannot study or use magical devices.
You cannot train Armour skill.
You cannot study or cast Air magic.
You cannot study or cast Conjurations magic.
You cannot study or cast Hexes magic.
Your casting is slightly disrupted.
You are somewhat inexperienced. (-1 XL)
You have a pair of small horns on your head.
You are very clumsy. (Dex -4)
Your flesh is heat resistant. (rF+)
Your magical capacity is low. (-10% MP)
You are somewhat resistant to further mutation.
You are weak. (Str -2)
[Your body sometimes deteriorates upon taking damage.]


Message History

Water spirits pour forth from the elemental wellspring!
The titan waves its arms in wide circles.
The air twists around and strikes you!!
You block the harpy simulacrum's attack.
The harpy simulacrum claws you. The harpy simulacrum freezes you. You resist.
You focus your inner power and blind the harpy simulacrum in retribution!
Water spirits pour forth from the elemental wellspring!
An Ice Fiend comes into view.
The Ice Fiend calls on the powers of darkness!
Your body is wracked with pain!
The titan convulses!
The Ice Fiend claws you! The Ice Fiend freezes you! You resist.
The Ice Fiend claws you but does no damage.
The titan hits you!
There is a gateway leading out of Cocytus here.
You see here an amulet of guardian spirit.
You take 249 damage, and have 47/130 hp.
MASSIVE DAMAGE!!
The Ice Fiend roars!
The water elemental disappears in a puff of smoke!
You block the harpy simulacrum's attack. x4
The harpy simulacrum barely misses you. The harpy simulacrum misses you.
The Ice Fiend calls on the powers of darkness!
Your body is wracked with pain!
The titan convulses!
You redirect the elemental wellspring's attack!
The Ice Fiend claws you.
* * * LOW HITPOINT WARNING * * *
The Ice Fiend freezes you! You resist.
* * * LOW HITPOINT WARNING * * *
The Ice Fiend claws you.
* * * LOW HITPOINT WARNING * * *
The Ice Fiend freezes you! You resist.
* * * LOW HITPOINT WARNING * * *
The titan gestures wildly while chanting.
The titan is healed somewhat.
The harpy simulacrum claws you but does no damage.
The harpy simulacrum closely misses you.
Water spirits pour forth from the elemental wellspring!
The Ice Fiend closely misses you. The Ice Fiend claws you!
You die...
Ru respects your ultimate sacrifice.

~~,,,,~~~≈≈≈≈≈≈≈≈≈≈≈≈≈≈≈≈≈≈~~~,^,
~~~,,~~~~≈≈≈≈≈≈≈≈§≈≈≈≈≈≈≈≈≈~~~~,,
~~~~~~~~~≈≈≈≈≈≈EEE≈≈≈≈≈≈≈≈≈~~~~~~
~~~~~~~~~≈≈≈≈~~ZEZ.~~≈≈≈≈≈≈~~~~~~
~~~~~~~~~≈≈.^~~EEE§§~..≈≈≈≈~~~~~~
~~~~~~~~~≈...###E###...≈≈≈≈~~~~~~
~~~~~~~~~...##..Z..##...≈≈≈~~~~~~
~~~~~~~~~...#.Z1CZ..#...≈≈≈~~~~~~
~~~~~~~~≈.1.'1..I...'..(≈≈≈~~~~~~
~~~~~~~~~...#.......#(..≈≈≈~~~~~~
~~~~~~~~~...##.....##..Z~≈≈~~~~~~
~~~~~~~~~~..Z###+###...≈~~≈~~~~~~
~~~~~~~~~≈Z............≈≈~~~~~~~~
~~~~~~~~≈≈≈≈.........≈≈≈~≈~~,,,~~
~~~~~~~~~≈≈Z≈≈≈≈≈≈≈≈≈≈≈≈~~≈~~,,,~
~~~~~~~,,≈≈≈≈≈≈≈≈≈≈≈≈≈≈≈~~~~~,,,~
~~~~~,,~~~≈~~~~~~~~~~~~~~~~~~~~~~


You could see a titan, 3 Ice Fiends, 2 elemental wellsprings, 6 water
elementals, a golden dragon simulacrum, 2 harpy simulacra, an ettin simulacrum
(wandering) and an iron giant simulacrum.

Vanquished Creatures
  Cerebov (Pan)
  2 pandemonium lords (Pan)
  Ereshkigal (Tar:7)
  Mnoleg (Pan)
  Lom Lobon (Pan)
  the Royal Jelly (Slime:5)
  Gloorx Vloq (Pan)
  A seraph (Pan)
  Dispater (Dis:7)
  2 dread liches
  3 ancient liches
  5 juggernauts
  A royal mummy (Crypt:3)
  3 shard shrikes (Coc:3)
  Boris (thrice) (Depths:1 Crypt:1 Crypt:3)
  Bai Suzhen (Swamp:4)
  Parghit (Zot:1)
  2 curse toes
  18 caustic shrikes
  Geryon (Hell)
  4 golden dragons
  4 profane servitors
  22 bone dragons
  Norris (Vaults:4)
  11 Tzitzimimeh
  2 Brimstone Fiends (Pan)
  12 doom hounds
  17 tentacled monstrosities
  An electric golem (Zot:2)
  12 iron giants
  A spectral shard shrike (Tar:5)
  Rupert (D:12)
  A moon troll (WizLab)
  15 tainted leviathans
  32 Hell Sentinels
  11 titans
  9 Ice Fiends
  Mlioglotl (Spider:1)
  7 liches
  2 deep elf blademasters
  Gastronok (D:8)
  5 searing wretches (Depths:1)
  15 acid blobs
  23 Executioners
  4 quicksilver dragons
  Murray (Depths:1)
  2 deep elf master archers (Elf:3)
  Grunn (Zot:3)
  An eldritch tentacle (Pan)
  15 sphinxes
  6 tengu reavers
  6 thorn hunters
  19 ancient champions
  16 tentacled starspawn
  9 shadow dragons
  5 death cobs (Zot:1)
  13 rockslimes
  Roxanne (D:15)
  9 draconian monks
  5 draconian knights
  10 protean progenitors
  8 narguns
  14 frost giants
  5 iron dragons
  16 storm dragons
  9 quicksilver elementals
  7 azure jellies
  3 fenstrider witches
  8 fire giants
  12 daevas (Pan)
  6 demonspawn warmongers (Pan)
  3 draconian shifters
  7 shard shrike simulacra
  6 deep elf sorcerers
  8 draconian scorchers
  5 ghost moths
  20 balrugs
  2 emperor scorpions
  A spectral juggernaut (Tar:6)
  15 vault wardens
  2 curse skulls (Pan)
  3 deep elf elementalists (Elf:3)
  11 draconian annihilators
  3 ghouls
  18 reapers
  3 spectral caustic shrikes
  2 draconian stormcallers
  19 cacodemons
  A spriggan defender (Depths:2)
  4 demonspawn corrupters (Pan)
  24 angels (Pan)
  22 stone giants
  6 demonspawn blood saints (Pan)
  16 ironbound preservers
  3 caustic shrike skeletons (Pan)
  4 quicksilver oozes
  4 broodmothers
  3 orc warlords
  16 ophanim (Pan)
  11 apis (Pan)
  7 vampire knights
  6 formless jellyfish
  8 ironbound thunderhulks
  24 very ugly things
  5 deep elf demonologists
  9 green draconians
  A demonspawn black sun (Pan)
  7 juggernaut skeletons
  5 lorocyprocas
  6 wendigos
  19 elemental wellsprings
  9 black draconians
  2 eleionomae (Swamp:2)
  14 putrid mouths
  15 deep elf death magi
  25 war gargoyles
  7 purple draconians
  9 yellow draconians
  5 deep elf annihilators
  12 red draconians
  8 white draconians
  2 bennus (Tomb:1)
  5 spark wasps
  7 bunyips
  18 eidola
  A pearl dragon zombie (Depths:1)
  22 blizzard demons
  6 green deaths (Pan)
  3 mummy priests (Crypt:3)
  15 jiangshi
  Josephine (Lair:3)
  15 ettins
  4 deep elf high priests
  14 fire dragons
  A merfolk impaler (Depths:2)
  13 iron golems
  A spectral iron giant (Tar:3)
  2 shambling mangroves
  10 great orbs of eyes
  32 vault guards
  2 spectral spriggans
  3 entropy weavers
  2 spectral shadow dragons (Tar:1)
  9 ice dragons
  11 hydras
  5 juggernaut simulacra
  2 peacekeepers
  14 yaktaur captains
  2 spriggan zombies
  A ghost crab (Swamp:1)
  8 rakshasas
  8 alligators
  4 ogre magi
  6 jorogumos
  2 anacondas (Zot:1)
  4 death knights
  10 centaur warriors
  5 caustic shrike simulacra
  7 spriggan air magi
  A spriggan skeleton (Crypt:3)
  2 catoblepae (Lair:5)
  27 dancing weapons
  The ghost of Veczewe the Destroyer, a journeyman GrEE of Vehumet (Lair:2)
  A stoker (Hell)
  5 ironbound frosthearts
  2 two-headed ogres
  14 deep troll shamans
  7 hell hogs
  9 boulder beetles
  7 tengu warriors
  A satyr (Pan)
  A titan zombie (Hell)
  An Orb Guardian skeleton (Crypt:2)
  11 demonic crawlers
  7 thrashing horrors (Abyss:1)
  13 death scarabs
  17 death yaks
  9 deep troll earth magi
  2 spectral storm dragons (Tar:1)
  A shock serpent (shapeshifter) (Vaults:1)
  24 hell knights
  7 vampire magi
  Nergalle (D:12)
  A quicksilver ooze zombie (Crypt:1)
  6 orc high priests
  A storm dragon zombie (Crypt:3)
  2 occultists (Depths:2)
  3 spectral emperor scorpions (Pan)
  14 spriggans
  29 soul eaters
  The ghost of Fractals the Fighter, a novice DrAr (D:8)
  18 deep elf knights
  Sonja (D:12)
  9 spriggan berserkers
  3 wretched stars
  6 crystal echidnas (Dis:7)
  3 iron trolls (Depths:1)
  42 sun demons
  2 titan skeletons
  3 skysharks
  23 shadow wraiths
  27 skeletal warriors
  17 sixfirhies
  10 cherubim (Pan)
  6 pharaoh ants
  4 goliath frogs
  5 hellephant skeletons (Pan)
  7 orb spiders
  A deep troll (shapeshifter) (Depths:1)
  3 orange crystal statues
  A spatial maelstrom (Abyss:1)
  5 flayed ghosts
  3 quicksilver dragon simulacra
  7 arcanists
  6 swamp dragons
  9 glowing orange brains
  2 anaconda skeletons
  41 deep trolls
  6 sun moths
  3 spriggan druids
  2 orb spiders (shapeshifter)
  12 shadow demons
  8 harpies
  16 ironbound convokers
  A thermic dynamo (Elf:2)
  18 orc knights
  11 deep elf archers
  44 ugly things
  2 wolf spider zombies (Spider:4)
  2 spectral hydras (Swamp:4)
  A spectral wolf spider (Spider:4)
  10 bog bodies
  30 deep elf pyromancers
  3 stone giant zombies
  5 lindwurms
  15 phantasmal warriors
  8 steelbarb worms
  18 necromancers
  9 wolf spiders
  32 deep elf zephyrmancers
  A broodmother zombie (Spider:4)
  3 orc sorcerers
  A spectral ettin (Tar:2)
  An eye of devastation (shapeshifter) (Vaults:5)
  30 large abominations
  5 cyclopes
  3 will-o-the-wisps
  3 worldbinders (Abyss:1)
  Maurice (D:10)
  20 moths of wrath
  A frost giant skeleton (Crypt:2)
  An eleionoma skeleton (Crypt:2)
  6 meliai
  16 elephants
  2 manticores
  A spectral centaur (Tar:2)
  3 apis skeletons (Depths:1)
  5 kobold blastminers
  An apocalypse crab (Abyss:1)
  A guardian serpent (Abyss:1)
  5 centaur zombies (D:10)
  7 eyes of devastation
  19 vault sentinels
  12 rust devils
  A dire elephant zombie (Crypt:3)
  Joseph (D:8)
  An ice statue (IceCv)
  19 smoke demons
  4 torpor snails
  A mana viper zombie (Crypt:1)
  A gargoyle (D:13)
  A torpor snail (shapeshifter) (Vaults:5)
  6 black mambas
  A storm dragon simulacrum (Coc:1)
  3 water nymphs (Pan)
  14 cane toads
  A death yak zombie (Crypt:2)
  A cane toad (shapeshifter) (Vaults:4)
  17 hellions
  14 orange demons
  A centaur skeleton (Crypt:3)
  15 rime drakes
  3 kobold demonologists
  5 spectral redbacks (Spider:4)
  2 unseen horror zombies (D:10)
  Jeremiah (D:9)
  7 efreet
  6 freezing wraiths
  Maggie (D:8)
  22 yaktaurs
  An alligator snapping turtle skeleton (Abyss:1)
  16 tormentors
  4 ice devils
  An iron giant simulacrum (Coc:3)
  9 komodo dragons
  3 tengu conjurers
  An anaconda simulacrum (Coc:3)
  2 redback zombies (Spider:4)
  40 guardian mummies
  A grey draconian skeleton (Crypt:3)
  A sea snake skeleton (Crypt:1)
  A hydra zombie (Swamp:4)
  5 trolls
  A yellow draconian skeleton (Crypt:3)
  19 hornets
  6 ancient zymes
  A spectral naga (Tar:3)
  A troll (shapeshifter) (Elf:1)
  A merfolk (shapeshifter) (Depths:3)
  A silent spectre (Tar:4)
  3 spectral harpies
  A bloated husk (Swamp:4)
  20 hellwings
  A polar bear (shapeshifter) (Elf:3)
  A spectral tarantella (Spider:4)
  A purple draconian skeleton (Crypt:3)
  A shadow dragon simulacrum (Coc:2)
  5 tyrant leeches
  4 polar bears
  14 blink frogs
  4 hydra skeletons
  A tarantella zombie (Spider:4)
  3 spectral culicivoras (Spider:4)
  6 raiju (Abyss:1)
  12 wind drakes (Pan)
  7 glass eyes
  18 tarantellas
  A jumping spider zombie (Spider:4)
  2 spectral jumping spiders (Spider:4)
  2 iron dragon simulacra
  A fire dragon skeleton (Crypt:3)
  2 harpy skeletons
  A stone giant simulacrum (Coc:6)
  A culicivora zombie (Spider:4)
  A glass eye (shapeshifter) (Depths:4)
  27 jumping spiders
  2 meliai zombies (D:10)
  An ettin zombie (Vaults:2)
  A slime creature (shapeshifter) (Vaults:5)
  12 wraiths
  A centaur simulacrum (D:15)
  An ice dragon skeleton (Hell)
  9 vampires
  11 culicivoras
  4 shadows (D:10)
  48 slime creatures
  17 water elementals
  11 wyverns
  9 dire elephant simulacra
  4 fire elementals
  A slime creature zombie (Crypt:3)
  12 ynoxinuls
  10 ushabtiu
  19 golden eyes
  71 yaks
  5 basilisks
  29 neqoxecs
  5 wargs
  A death yak simulacrum (IceCv)
  5 steam dragons
  28 redbacks
  15 vampire mosquitoes
  Menkaure (D:7)
  11 chaos spawn
  A skyshark zombie (Crypt:2)
  6 two-headed ogre zombies (Orc:1)
  16 swamp worms
  An acid dragon (D:12)
  13 harpy simulacra
  15 water moccasins
  Duvessa (D:5)
  2 hydra simulacra
  A glowing shapeshifter zombie (Crypt:2)
  A naga skeleton (Hell)
  A hell hound (Abyss:1)
  A faun skeleton (Crypt:3)
  8 swamp drakes
  3 sky beasts
  24 laughing skulls
  36 orc warriors
  7 black bears
  4 ettin simulacra
  An ice beast (shapeshifter) (Vaults:5)
  12 small abominations (Abyss:1)
  3 ogres
  4 swamp dragon zombies (Swamp:4)
  8 boggarts
  A swamp dragon skeleton (Crypt:1)
  14 wolves
  5 centaurs
  39 starcursed masses
  A phantom (D:6)
  2 brain worms
  11 bullfrogs
  A brain worm (shapeshifter) (D:13)
  A gnoll sergeant (D:8)
  3 kobold brigands
  A cane toad simulacrum (IceCv)
  3 two-headed ogre simulacra (IceCv)
  4 scorpions
  2 earth elementals
  Dowan (D:5)
  16 wights
  A water moccasin skeleton (Crypt:1)
  A swamp dragon simulacrum (Coc:1)
  2 elephant simulacra (IceCv)
  11 killer bees
  A polar bear skeleton (Crypt:1)
  2 howler monkeys
  2 vampire bats (Orc:2)
  9 electric eels
  2 bombardier beetles
  A lava snake (Lair:5)
  3 quasits (Abyss:1)
  A hound (D:6)
  2 jellies
  20 orc priests
  3 iron imps (Abyss:1)
  Ijyb (D:5)
  Terence (D:2)
  8 iguanas
  18 orc wizards
  14 hell rats
  3 polar bear simulacra (IceCv)
  7 troll simulacra (IceCv)
  11 spriggan simulacra
  2 wolf simulacra (IceCv)
  15 ogre zombies (Orc:1)
  16 mummies
  A howler monkey zombie (Crypt:3)
  Robin (D:2)
  5 gnolls
  2 swamp drake zombies (Swamp:4)
  7 adders
  6 naga simulacra
  2 shadow imps
  A swamp drake skeleton (Swamp:4)
  14 white imps
  12 ufetubi
  4 dart slugs
  65 orcs
  9 bats
  A bat zombie (Crypt:2)
  3 endoplasms
  23 goblins
  9 hobgoblins
  3 jackals (D:1)
  6 quokkas
  3 ball pythons
  5 frilled lizards
  25 kobolds
  An orc skeleton (Crypt:1)
  5 rats (D:1)
  3 aspiring fleshes
  2 ball lightnings (Pan)
  2 butterflies (Lair:3)
  2 fire vortices (Hell)
  23 starspawn tentacles
3513 creatures vanquished.

Vanquished Creatures (others)
  A bone dragon (Tar:5)
  Jorgrun (Swamp:2)
  A quicksilver dragon (WizLab)
  2 sphinxes
  An ancient champion (Dis:7)
  An Executioner (Pan)
  A frost giant (Vaults:5)
  A demonspawn warmonger (Pan)
  A balrug (Pan)
  A deep elf sorcerer (Elf:1)
  A quicksilver elemental (Dis:6)
  A vault warden (Vaults:5)
  A shard shrike simulacrum (Coc:4)
  A ghoul (Swamp:4)
  A deep elf elementalist (Elf:3)
  A reaper (Pan)
  A very ugly thing (Depths:3)
  A quicksilver ooze (Slime:3)
  A broodmother (Depths:4)
  A stone giant (Depths:3)
  An ironbound thunderhulk (Vaults:2)
  A demonspawn blood saint (Pan)
  A deep elf death mage (Elf:3)
  2 deep elf annihilators
  A pearl dragon zombie (Depths:1)
  An ettin (Depths:1)
  An acid blob zombie (Crypt:1)
  A hydra (Lair:5)
  A great orb of eyes (Vaults:3)
  A juggernaut simulacrum (Coc:4)
  A vault guard (Vaults:5)
  A death yak (Lair:2)
  2 deep troll shamans
  An orc high priest (Orc:2)
  A deep elf knight (Elf:2)
  3 hell knights
  A hellephant skeleton (Pan)
  3 sixfirhies (Pan)
  A skyshark (Vaults:4)
  A deep troll (Depths:2)
  2 spectral hydras (Swamp:4)
  2 quicksilver dragon simulacra (Coc:3)
  2 spriggan simulacra
  An ironbound convoker (Vaults:1)
  A deep elf pyromancer (Elf:1)
  An apis skeleton (Depths:1)
  A meliai (Pan)
  An eye of devastation (Slime:5)
  A kobold blastminer (Orc:2)
  A yaktaur (Vaults:3)
  An anaconda simulacrum (Coc:7)
  An ice devil (Hell)
  A bloated husk (Swamp:2)
  A wind drake (Pan)
  A tarantella (Spider:3)
  A blink frog (Lair:3)
  A jumping spider (Spider:1)
  A stone giant simulacrum (Coc:4)
  A slime creature (Slime:5)
  A dire elephant simulacrum (Coc:5)
  A water elemental (Elf:1)
  A small abomination (Abyss:1)
  2 yaks
  A chaos spawn (Pan)
  A harpy simulacrum (Coc:4)
  A swamp worm (shapeshifter) (Depths:3)
  A hell hound (Lair:3)
  A hydra simulacrum (Coc:1)
  An ettin simulacrum (Coc:4)
  A laughing skull (Abyss:1)
  An iguana (D:7)
  A gnoll (D:8)
  An adder (D:6)
  A bat (D:3)
  An aspiring flesh (Pan)
  5 ball lightnings (Pan)
  A creeping inferno (Hell)
  6 foxfires
  40 starspawn tentacles
138 creatures vanquished.

Grand Total: 3651 creatures vanquished

Notes
Turn   | Place    | Note
-------+----------+-------------------------------------------
     0 | D:1      | jasper the Troll Fighter began the quest for the Orb.
     0 | D:1      | Reached XP level 1. HP: 22/22 MP: 0/0
   196 | D:2      | Noticed Terence
   202 | D:2      | Killed Terence
   203 | D:2      | Reached XP level 2. HP: 28/29 MP: 1/1
   203 | D:2      | Reached XP level 3. HP: 35/36 MP: 2/2
   250 | D:2      | Found a sacrificial altar of Ru.
   308 | D:2      | Became a worshipper of Ru the Awakened
   401 | D:4      | Found a staircase to the Ecumenical Temple.
   416 | Temple   | Entered the Ecumenical Temple
   750 | D:4      | Reached XP level 4. HP: 41/44 MP: 3/3
   953 | D:4      | Gained mutation: You cannot study or cast Air magic. [Ru
                  | sacrifice]
   953 | D:4      | Gained mutation: You cannot study or cast Hexes magic. [Ru
                  | sacrifice]
   953 | D:4      | Gained mutation: You cannot study or cast Conjurations
                  | magic. [Ru sacrifice]
   953 | D:4      | Reached * piety under Ru
  1543 | D:1      | Found Tiop's Distillery.
  1553 | D:1      | Bought a potion of curing for 30 gold pieces
  1553 | D:1      | Bought a potion of haste for 100 gold pieces
  1825 | D:2      | Reached XP level 5. HP: 34/53 MP: 4/4
  1907 | D:2      | Noticed Robin
  1934 | D:2      | Killed Robin
  3309 | D:5      | Entered Level 5 of the Dungeon
  3409 | D:5      | Gained mutation: You are somewhat inexperienced. (-1 XL)
                  | [Ru sacrifice]
  3409 | D:5      | Reached XP level 4. HP: 45/45 MP: 3/3
  3409 | D:5      | Reached ** piety under Ru
  3432 | D:5      | Reached XP level 5. HP: 53/53 MP: 4/4
  3434 | D:5      | Noticed a water moccasin
  3455 | D:5      | Killed a water moccasin
  3456 | D:5      | Reached skill level 5 in Unarmed Combat
  3512 | D:5      | Found a glowing golden altar of the Shining One.
  3561 | D:5      | Noticed Dowan
  3562 | D:5      | Noticed Duvessa
  3575 | D:5      | Killed Duvessa
  3587 | D:5      | Killed Dowan
  3588 | D:5      | Reached XP level 6. HP: 23/62 MP: 5/5
  3679 | D:5      | Noticed Ijyb
  3697 | D:5      | Killed Ijyb
  4301 | D:5      | Found a basalt altar of Yredelemnul.
  4646 | D:6      | Noticed a steam dragon
  4659 | D:6      | Killed a steam dragon
  4711 | D:6      | Reached skill level 5 in Shields
  4711 | D:6      | Reached XP level 7. HP: 71/71 MP: 6/6
  4912 | D:6      | Reached skill level 5 in Fighting
  5206 | D:6      | Reached XP level 8. HP: 77/81 MP: 7/7
  5541 | D:6      | Found a glowing silver altar of Zin.
  5855 | D:7      | Found a sacrificial altar of Ru.
  5957 | D:7      | Gained mutation: You cannot study or use magical devices.
                  | [Ru sacrifice]
  5957 | D:7      | Reached *** piety under Ru
  5957 | D:7      | Reached **** piety under Ru
  6090 | D:7      | Found a stormy altar of Qazlal.
  6194 | D:7      | Found Uwaih's Armour Boutique.
  6196 | D:7      | Noticed Menkaure
  6206 | D:7      | Killed Menkaure
  6311 | D:7      | Reached skill level 10 in Unarmed Combat
  6615 | D:7      | Noticed a brown ugly thing
  6625 | D:7      | Killed a brown ugly thing
  6785 | D:7      | Reached XP level 9. HP: 52/92 MP: 8/8
  6832 | D:7      | Found a shimmering blue altar of Sif Muna.
  7176 | D:8      | Noticed an elephant
  7190 | D:8      | Killed an elephant
  7365 | D:8      | Found a staircase to the Lair.
  7619 | D:8      | Found an ancient bone altar of Kikubaaqudgha.
  7622 | D:8      | Noticed Maggie
  7631 | D:8      | Killed Maggie
  7669 | D:8      | Found a runed translucent door.
  7669 | D:8      | Found a shimmering altar of Xom.
  7669 | D:8      | Noticed Fractals's ghost (novice DrAr)
  7669 | D:8      | Noticed a +0 spear of chaos
  7726 | D:8      | Noticed Joseph
  7746 | D:8      | Killed Joseph
  7848 | D:8      | Noticed Gastronok
  7866 | D:8      | Killed Gastronok
  7906 | D:8      | Reached XP level 10. HP: 61/102 MP: 9/9
  8415 | D:8      | Killed a +0 spear of chaos
  8422 | D:8      | Killed Fractals's ghost
  8526 | D:9      | Noticed Jeremiah
  8543 | D:9      | Killed Jeremiah
  8564 | D:9      | Found a hazy altar of Hepliaklqana.
  8698 | D:9      | Gained mutation: You cannot train Armour skill. [Ru
                  | sacrifice]
  8698 | D:9      | Reached ***** piety under Ru
  8714 | D:9      | Found an ornate altar of the Wu Jian Council.
  8717 | D:9      | Found a bloodstained altar of Trog.
  8775 | D:9      | Found a white marble altar of Elyvilon.
  8793 | D:9      | Found an opulent altar of Gozag.
  8824 | D:9      | Noticed a soul eater
  9047 | D:9      | Found a shimmering altar of Xom.
  9066 | D:10     | Entered Level 10 of the Dungeon
  9082 | D:10     | Noticed a fire dragon
  9102 | D:10     | Killed a fire dragon
  9238 | D:10     | Found a staircase to the Orcish Mines.
  9354 | D:10     | Found a burning altar of Makhleb.
  9356 | D:10     | Found a sparkling altar of Nemelex Xobeh.
  9363 | D:10     | Found a shimmering blue altar of Sif Muna.
  9632 | D:10     | Reached XP level 11. HP: 105/113 MP: 10/10
  9656 | D:10     | Noticed Maurice
  9663 | D:10     | Maurice stole 4 javelins
  9668 | D:10     | Killed Maurice
  9679 | D:10     | Identified the +5 chain mail "Somecyis" {rPois Int-4 Dex+5}
 10134 | D:10     | Noticed a centaur warrior
 10140 | D:10     | Killed a centaur warrior
 10178 | D:10     | Reached skill level 10 in Shields
 11084 | D:12     | Reached skill level 15 in Unarmed Combat
 11094 | D:12     | Noticed a two-headed ogre
 11097 | D:12     | Noticed Sonja
 11124 | D:12     | Killed a two-headed ogre
 11138 | D:12     | Killed Sonja
 11217 | D:12     | Noticed Nergalle
 11234 | D:12     | Killed Nergalle
 11353 | D:12     | Noticed a centaur warrior
 11361 | D:12     | Killed a centaur warrior
 11428 | D:12     | Reached skill level 10 in Fighting
 11493 | D:12     | Noticed Rupert
 11530 | D:12     | Killed Rupert
 11871 | Lair:1   | Entered Level 1 of the Lair of Beasts
 11902 | Lair:1   | Reached XP level 12. HP: 96/126 MP: 11/11
 12416 | Lair:1   | Found the +4 skin of Zhor {*Englaciate rC+++ SInv}
 13154 | Lair:2   | Found a staircase to the Swamp.
 13464 | Lair:2   | Found a hole to the Spider Nest.
 13583 | Lair:2   | Found a runed translucent door.
 13583 | Lair:2   | Noticed Veczewe's ghost (journeyman GrEE)
 13782 | Lair:2   | Killed Veczewe's ghost
 14259 | Lair:3   | Reached XP level 13. HP: 75/118 MP: 3/12
 14265 | Lair:2   | Gained mutation: You are dopey. (Int -2) [Ru sacrifice]
 14395 | Lair:3   | Noticed Josephine
 14409 | Lair:3   | Killed Josephine
 14415 | Lair:3   | Reached skill level 15 in Shields
 16239 | Lair:4   | Gained mutation: Your casting is slightly disrupted. [Ru
                  | sacrifice]
 16239 | Lair:4   | Reached ****** piety under Ru
 16350 | Lair:4   | Learned a level 2 spell: Blink
 16592 | Lair:5   | Entered Level 5 of the Lair of Beasts
 17134 | Lair:5   | Reached XP level 14. HP: 123/154 MP: 13/13
 17173 | Lair:5   | Identified the ring of Periryim {Fly Dex+3 Stlth+}
 17195 | Lair:5   | Identified the +10 great sword "Tineoc" {holy, rCorr Str-5
                  | Dex+3}
 17432 | Lair:5   | Found a staircase to the Slime Pits.
 17938 | Orc:1    | Entered Level 1 of the Orcish Mines
 18529 | Orc:2    | Entered Level 2 of the Orcish Mines
 18874 | Orc:2    | Reached skill level 15 in Fighting
 18874 | Orc:2    | Reached skill level 1 in Shapeshifting
 19021 | Orc:2    | Found a staircase to the Elven Halls.
 19561 | Orc:2    | Found Laulerav's General Store.
 19561 | Orc:2    | Found Qumnuz's Assorted Antiques.
 19562 | Orc:2    | Found Lam Lyoz's Assorted Antiques.
 19562 | Orc:2    | Found Omephe's Assorted Antiques.
 19574 | Orc:2    | Bought a scroll of fog for 56 gold pieces
 19574 | Orc:2    | Bought a potion of ambrosia for 112 gold pieces
 19574 | Orc:2    | Bought a potion of might for 56 gold pieces
 19575 | Orc:2    | Bought a scroll of noise for 31 gold pieces
 19575 | Orc:2    | Bought a wooden ring for 155 gold pieces
 19579 | Orc:2    | Bought 2 blue potions for 46 gold pieces
 19579 | Orc:2    | Bought a potion of heal wounds for 130 gold pieces
 19579 | Orc:2    | Bought a runed cloak for 195 gold pieces
 19585 | Orc:2    | Bought a potion of curing for 81 gold pieces
 19585 | Orc:2    | Bought a potion of heal wounds for 135 gold pieces
 19688 | Orc:1    | Paralysed by an orc sorcerer for 5 turns
 20150 | D:13     | Found Ithraor's Magic Scroll Boutique.
 20154 | D:13     | Bought a scroll of poison for 68 gold pieces
 20154 | D:13     | Bought a scroll of teleportation for 51 gold pieces
 20154 | D:13     | Bought a scroll of fog for 68 gold pieces
 20154 | D:13     | Bought a scroll of immolation for 68 gold pieces
 20206 | D:13     | Reached skill level 5 in Shapeshifting
 20227 | D:13     | Found a frozen archway.
 20244 | IceCv    | Entered an ice cave
 20415 | IceCv    | Identified the amulet of Vabufat {Faith rCorr Dex+2}
 20952 | IceCv    | Identified the ring of Devotion {rElec Str+2 Slay+4}
 21472 | D:13     | Found a gate to the Vaults.
 21867 | D:14     | Reached XP level 15. HP: 167/167 MP: 14/14
 21991 | D:14     | You fall into a shaft and drop 1 floor!
 21991 | D:15     | Entered Level 15 of the Dungeon
 22465 | D:15     | Noticed Roxanne
 22493 | D:15     | Killed Roxanne
 22859 | D:15     | Reached skill level 10 in Shapeshifting
 23151 | D:15     | Found a staircase to the Depths.
 23451 | D:15     | Found a blossoming altar of Fedhas.
 24066 | Spider:1 | Entered Level 1 of the Spider Nest
 24401 | Spider:1 | Noticed Mlioglotl
 24417 | Spider:1 | Killed Mlioglotl
 24674 | Spider:1 | Identified the +12 hand axe of the Disturbing Knaves
                  | {drain, Fly MP+9 Dex+3}
 26056 | Spider:3 | Reached XP level 16. HP: 118/161 MP: 15/15
 26454 | Spider:4 | Entered Level 4 of the Spider Nest
 26601 | Swamp:1  | Entered Level 1 of the Swamp
 27177 | Swamp:2  | Paralysed by a fenstrider witch for 4 turns
 27312 | Swamp:2  | Reached skill level 15 in Shapeshifting
 27442 | Swamp:2  | Noticed Jorgrun
 27491 | Swamp:2  | Killed Jorgrun
 28215 | Swamp:4  | Entered Level 4 of the Swamp
 28451 | Swamp:4  | Noticed Bai Suzhen
 28469 | Swamp:4  | Killed Bai Suzhen
 28472 | Swamp:4  | Reached skill level 1 in Throwing
 28699 | Swamp:4  | HP: 9/205 [alligator (13)]
 29003 | Swamp:4  | Found a blossoming altar of Fedhas.
 29022 | Swamp:4  | Found a basalt altar of Yredelemnul.
 29034 | Swamp:4  | Got a decaying rune of Zot
 29806 | Spider:4 | Reached XP level 17. HP: 181/181 MP: 0/16
 30402 | Spider:4 | Identified the +2 hat "Cen Xieh" {Int+4}
 30445 | Spider:4 | Got a gossamer rune of Zot
 30779 | Elf:1    | Entered Level 1 of the Elven Halls
 30779 | Elf:1    | Found Umios's Weapon Boutique.
 31052 | Vaults:1 | Entered Level 1 of the Vaults
 31202 | Vaults:1 | Found Ciamopikk's Distillery.
 31210 | Vaults:1 | Bought a potion of haste for 210 gold pieces
 31210 | Vaults:1 | Bought 2 potions of attraction for 126 gold pieces
 31210 | Vaults:1 | Bought a potion of invisibility for 168 gold pieces
 31210 | Vaults:1 | Bought a potion of haste for 210 gold pieces
 31210 | Vaults:1 | Bought 2 potions of heal wounds for 210 gold pieces
 31210 | Vaults:1 | Bought a potion of curing for 63 gold pieces
 32471 | Vaults:2 | Found a magical portal.
 32479 | WizLab   | Entered Lehudib's Moon Base
 32730 | WizLab   | Noticed a moon troll
 32840 | WizLab   | Reached XP level 18. HP: 136/159 MP: 12/17
 33396 | WizLab   | Gained mutation: You are very dopey. (Int -4) [a neqoxec]
 33396 | WizLab   | Gained mutation: Your magical capacity is low. (-10% MP) [a
                  | neqoxec]
 33456 | WizLab   | Identified the ring "Voora Ihee" {^Drain Will+ rCorr Dex-3
                  | Stlth+}
 33657 | WizLab   | Paralysed by accursed screaming for 1 turns
 33659 | WizLab   | Paralysed by accursed screaming for 1 turns
 33767 | WizLab   | Found a transporter.
 34004 | WizLab   | Found a transporter.
 34004 | WizLab   | Identified a scroll of acquirement
 34112 | WizLab   | Acquired 675 gold pieces
 34518 | Vaults:2 | Paralysed by a vampire knight for 5 turns
 34533 | Vaults:2 | Paralysed by a vampire knight for 2 turns
 34902 | Vaults:2 | Found a staircase to the Crypt.
 35175 | Vaults:3 | Found Giumie's Weapon Emporium.
 35366 | Vaults:3 | You fall into a shaft and drop 1 floor!
 35635 | Vaults:4 | Noticed Norris
 35641 | Vaults:4 | Killed Norris
 36655 | Vaults:3 | Reached XP level 19. HP: 186/186 MP: 8/16
 36690 | Vaults:3 | Learned a level 3 spell: Fugue of the Fallen
 36831 | Vaults:3 | Got the Cyclopedia of Galvanic Despair
 36980 | Vaults:3 | Reached skill level 1 in Necromancy
 37033 | Vaults:3 | Found Ofuikesm's Weapon Emporium.
 37138 | Vaults:3 | Found Zaim Tah's Jewellery Shop.
 37669 | Elf:1    | Reached skill level 5 in Necromancy
 37998 | Elf:1    | Found a runed translucent door.
 37999 | Elf:1    | Found a shimmering altar of Xom.
 37999 | Elf:1    | Noticed Jabb's ghost (adept DsGl)
 38011 | Elf:1    | Identified the +1 morningstar "Rerphef" {vamp, Fly}
 38054 | Elf:1    | Learned a level 6 spell: Death Channel
 38786 | Elf:2    | Found a huge runed translucent gate.
 38786 | Elf:2    | Found a huge runed translucent gate.
 38786 | Elf:2    | Found a huge runed translucent gate.
 38786 | Elf:2    | Found a huge runed translucent gate.
 38788 | Elf:2    | Found a huge runed translucent gate.
 38990 | Elf:3    | Entered Level 3 of the Elven Halls
 40032 | Elf:3    | Reached XP level 20. HP: 214/214 MP: 17/17
 40201 | Elf:3    | Identified the +4 rapier of Kismet {flame, Dex+5}
 40893 | Elf:3    | Identified the +6 battleaxe "Ofuothi" {speed, rPois rC-
                  | Str+3 Int+4}
 40902 | Elf:3    | Identified the +6 scale mail of Stained Freedom {Rampage
                  | rElec rPois Stlth-}
 40905 | Elf:3    | Identified the +8 morningstar of Dunaoje {protect, rPois
                  | rC+ Str+3}
 41062 | Elf:3    | Identified the +0 robe "Hoffoaz" {rF+ rC+}
 41463 | Depths:1 | Entered Level 1 of the Depths
 41953 | Depths:1 | Identified the +2 robe "Wyaclar" {rN+ Dex+3}
 41953 | Depths:1 | Noticed Boris
 41962 | Depths:1 | Killed Boris
 42110 | Depths:1 | Found a basalt altar of Yredelemnul.
 42112 | Depths:1 | Noticed a profane servitor
 42126 | Depths:1 | Killed a profane servitor
 42353 | Depths:1 | Found a gateway to Hell.
 42353 | Depths:1 | Found a one-way gate to the infinite horrors of the Abyss.
 42617 | Depths:2 | HP: 12/253 [hell knight simulacrum (12)]
 42757 | Depths:2 | Found Codduin's Magic Scroll Emporium.
 42766 | Depths:2 | Bought a scroll of blinking for 165 gold pieces
 42766 | Depths:2 | Bought a scroll of fog for 88 gold pieces
 42766 | Depths:2 | Bought a scroll of fog for 88 gold pieces
 42766 | Depths:2 | Bought a scroll of teleportation for 66 gold pieces
 42766 | Depths:2 | Bought a scroll of vulnerability for 88 gold pieces
 43123 | Depths:2 | Found a one-way gate leading to the halls of Pandemonium.
 43306 | Depths:2 | Noticed a juggernaut
 43315 | Depths:2 | Killed a juggernaut
 43326 | Depths:2 | Identified the +5 lajatang of the Delicate God {heavy,
                  | *Slow Fly Stlth+}
 43389 | Depths:2 | Reached XP level 21. HP: 226/226 MP: 17/17
 43501 | Depths:2 | Got Easy Gnosis
 43803 | Depths:3 | Found a shadowy altar of Dithmenos.
 43958 | Depths:3 | Noticed a juggernaut
 43969 | Depths:3 | Killed a juggernaut
 43983 | Depths:3 | Noticed an ancient lich
 44003 | Depths:3 | Killed an ancient lich
 44779 | Depths:3 | Found a one-way gateway to a ziggurat.
 45056 | Depths:4 | Entered Level 4 of the Depths
 45056 | Depths:4 | Noticed a juggernaut
 45067 | Depths:4 | Killed a juggernaut
 45252 | Depths:4 | Found Luof's Magic Scroll Shoppe.
 45750 | Depths:4 | Found a gate to the Realm of Zot.
 45985 | Depths:4 | Bought a scroll of teleportation for 51 gold pieces
 45985 | Depths:4 | Bought a scroll of enchant armour for 127 gold pieces
 45985 | Depths:4 | Bought a scroll of enchant weapon for 127 gold pieces
 45985 | Depths:4 | Bought a scroll of teleportation for 51 gold pieces
 45985 | Depths:4 | Bought a scroll of enchant armour for 127 gold pieces
 45985 | Depths:4 | Bought a scroll of teleportation for 51 gold pieces
 45985 | Depths:4 | Bought a scroll of teleportation for 51 gold pieces
 45985 | Depths:4 | Bought a scroll of silence for 161 gold pieces
 46533 | Slime:1  | Entered Level 1 of the Pits of Slime
 46611 | Slime:1  | Found a viscous altar of Jiyva.
 46622 | Slime:1  | Reached XP level 22. HP: 194/194 MP: 9/18
 46977 | Slime:5  | Entered Level 5 of the Pits of Slime
 47230 | Slime:5  | Found a viscous altar of Jiyva.
 47230 | Slime:5  | Noticed the Royal Jelly
 47245 | Slime:5  | Killed the Royal Jelly
 47327 | Slime:5  | Got a slimy rune of Zot
 47328 | Slime:5  | Identified the ring "Ijierhal" {Will++ EV+5 Str+3 SInv}
 47357 | Slime:5  | Identified the ring "Diamuogee" {Wiz rPois rC+ Dex+3
                  | Slay+3}
 47390 | Slime:5  | Identified the +2 chain mail of Surchuami {Will+ rCorr}
 47398 | Slime:5  | Identified the +7 whip of Ambiguity {freeze, rElec rC+ rN+}
 47907 | Vaults:5 | Entered Level 5 of the Vaults
 48438 | Vaults:5 | Found Feanak's Jewellery Shop.
 48446 | Vaults:5 | Bought the ring "Opush" {rF+ rC+ rN+ Int+3} for 990 gold
                  | pieces
 48747 | Vaults:5 | Noticed a dread lich
 48781 | Vaults:5 | Killed a dread lich
 48943 | Vaults:5 | Reached XP level 23. HP: 238/238 MP: 19/19
 48961 | Vaults:5 | Acquired 783 gold pieces
 49014 | Vaults:5 | Got Sif Muna's Tractate on Hiemal Aeromancy
 49015 | Vaults:5 | Identified the +0 robe "Qegaaric" {rCorr Dex+2}
 49226 | Vaults:5 | Got a silver rune of Zot
 49248 | Vaults:5 | Found Pyidgho's Magic Scroll Shop.
 49253 | Vaults:5 | Bought a scroll of immolation for 68 gold pieces
 49253 | Vaults:5 | Bought a scroll of immolation for 68 gold pieces
 49267 | Vaults:5 | Identified the +1 spear of Bloody Death {freeze, Str+6
                  | Stlth+}
 49336 | Vaults:5 | Found Xary's Magic Scroll Boutique.
 49351 | Vaults:5 | Identified the staff "Leviticus" {rC+ Dex+3 SInv Ice}
 49362 | Vaults:5 | Bought a scroll of teleportation for 60 gold pieces
 49362 | Vaults:5 | Bought a scroll of enchant armour for 150 gold pieces
 49362 | Vaults:5 | Bought a scroll of noise for 20 gold pieces
 49362 | Vaults:5 | Bought 3 scrolls of fog for 240 gold pieces
 49362 | Vaults:5 | Bought a scroll of revelation for 150 gold pieces
 50196 | Zot:1    | Entered Level 1 of the Realm of Zot
 51731 | Crypt:1  | Entered Level 1 of the Crypt
 52081 | Crypt:1  | Identified the +4 robe of the Many Continents {*Slow rF+
                  | rCorr}
 52081 | Crypt:1  | Noticed Boris
 52090 | Crypt:1  | Killed Boris
 53103 | Crypt:3  | Entered Level 3 of the Crypt
 53151 | Crypt:3  | Identified the +2 robe "Quixzat" {Rampage rN+++ Str-4
                  | Dex+4}
 53151 | Crypt:3  | Noticed Boris
 53159 | Crypt:3  | Killed Boris
 53380 | Crypt:3  | Found a staircase to the Tomb.
 53711 | Crypt:3  | Reached XP level 24. HP: 238/238 MP: 19/19
 53874 | Crypt:3  | Identified the maw talisman of the Alphagorgon {rF- Will+
                  | Int+3 Dex+6}
 54104 | Crypt:3  | Noticed a royal mummy
 54120 | Crypt:3  | Killed a royal mummy
 54574 | Crypt:3  | Got the Atlas of the End
 54652 | Tomb:1   | Entered Level 1 of the Tomb of the Ancients
 55340 | Hell     | Entered the Vestibule of Hell
 55340 | Hell     | Noticed Geryon
 55364 | Hell     | Noticed Murray
 55372 | Depths:1 | Killed Murray
 55611 | Hell     | Killed Geryon
 55858 | Hell     | Found a gateway to the ashen valley of Gehenna.
 55894 | Hell     | Found a gateway to the decaying netherworld of Tartarus.
 55993 | Hell     | Found a gateway to the freezing wastes of Cocytus.
 56006 | Hell     | Paralysed by a wendigo for 1 turns
 56099 | Hell     | Found a gateway to the Iron City of Dis.
 57365 | Zot:1    | Noticed Parghit
 57373 | Zot:1    | Killed Parghit
 57897 | Zot:2    | Reached XP level 25. HP: 271/271 MP: 19/19
 58068 | Zot:2    | Reached skill level 27 in Unarmed Combat
 58746 | Zot:3    | Noticed Grunn
 58749 | Zot:3    | Killed Grunn
 58821 | Zot:3    | Found a radiant altar of Vehumet.
 58828 | Zot:3    | Found a transporter.
 58829 | Zot:3    | Noticed an ancient lich
 58830 | Zot:3    | Noticed a dread lich
 60307 | Zot:5    | Entered Level 5 of the Realm of Zot
 60948 | Pan      | Entered Pandemonium
 61138 | Pan      | Gained mutation: You are occasionally teleported next to
                  | monsters. [a neqoxec]
 61252 | Pan      | Entered the realm of Gloorx Vloq.
 61274 | Pan      | Found an exit through the horrors of the Abyss.
 62114 | Pan      | Lost mutation: Your magical capacity is low. (-10% MP)
                  | [potion of mutation]
 62114 | Pan      | Lost mutation: You are occasionally teleported next to
                  | monsters. [potion of mutation]
 62114 | Pan      | Lost mutation: You are very dopey. (Int -4) [potion of
                  | mutation]
 62114 | Pan      | Gained mutation: You are weak. (Str -2) [potion of
                  | mutation]
 62169 | Pan      | Noticed Gloorx Vloq
 62190 | Pan      | Killed Gloorx Vloq
 62303 | Pan      | Got a dark rune of Zot
 62436 | Pan      | Reached XP level 26. HP: 283/283 MP: 22/22
 62609 | Pan      | Gained mutation: Your magical capacity is low. (-10% MP) [a
                  | cacodemon]
 62613 | Pan      | Noticed Jakaegos the pandemonium lord
 62623 | Pan      | Killed Jakaegos the pandemonium lord
 62652 | Depths:2 | Escaped Pandemonium
 62669 | Pan      | Entered Pandemonium
 63158 | Pan      | Found a glowing silver altar of Zin.
 63178 | Pan      | Identified the +0 buckler "Naenlaedd" {rC+ rCorr Int+3
                  | Dex-5}
 63432 | Pan      | Reached skill level 5 in Throwing
 64174 | Pan      | Noticed a seraph
 64181 | Pan      | Identified the +2 buckler of Entitlement {rN+}
 64185 | Pan      | Killed a seraph
 64192 | Pan      | Found a glowing golden altar of the Shining One.
 64215 | Pan      | Got a demonic rune of Zot
 64275 | Pan      | Got the Almanac of Unholy Magic and the Atmosphere
 64502 | Pan      | Entered the realm of Lom Lobon.
 64641 | Pan      | Noticed Lom Lobon
 64663 | Pan      | Killed Lom Lobon
 64693 | Pan      | Got a magical rune of Zot
 65070 | Pan      | Gained mutation: Your magical capacity is very low. (-20%
                  | MP) [a cacodemon]
 65297 | Pan      | Gained mutation: Your magical capacity is extremely low.
                  | (-30% MP) [a neqoxec]
 65298 | Pan      | Gained mutation: You are frail. (-10% HP) [a neqoxec]
 65307 | Pan      | Lost mutation: You are frail. (-10% HP) [potion of
                  | mutation]
 65307 | Pan      | Lost mutation: Your magical capacity is extremely low.
                  | (-30% MP) [potion of mutation]
 65307 | Pan      | Gained mutation: Your flesh is heat resistant. (rF+)
                  | [potion of mutation]
 65307 | Pan      | Gained mutation: You are somewhat resistant to further
                  | mutation. [potion of mutation]
 65307 | Pan      | Gained mutation: You have a pair of small horns on your
                  | head. [potion of mutation]
 65449 | Pan      | Entered the realm of Mnoleg.
 65449 | Pan      | Noticed Mnoleg
 65474 | Pan      | Gained mutation: You are clumsy. (Dex -2) [a cacodemon]
 65479 | Pan      | Killed Mnoleg
 65659 | Pan      | Lost mutation: Your magical capacity is very low. (-20% MP)
                  | [a cacodemon]
 65752 | Pan      | Gained mutation: You are very clumsy. (Dex -4) [a
                  | cacodemon]
 65783 | Pan      | Paralysed by accursed screaming for 1 turns
 65836 | Pan      | Got a glowing rune of Zot
 66205 | Pan      | Entered the realm of Cerebov.
 66641 | Pan      | Identified the +9 falchion of Virtue {drain, ^Contam rElec
                  | rN+++}
 66869 | Pan      | Found the +6 sword of Cerebov {flame}
 66869 | Pan      | Noticed Cerebov
 66896 | Pan      | Killed Cerebov
 67058 | Pan      | Identified the +5 demon whip of Darkness {freeze, rElec rC+
                  | rCorr Str+2}
 67091 | Pan      | Got a fiery rune of Zot
 67445 | Pan      | Noticed Zipisiff the pandemonium lord
 67460 | Pan      | Killed Zipisiff the pandemonium lord
 67474 | Pan      | Found an exit through the horrors of the Abyss.
 67484 | Pan      | Took an exit into the Abyss.
 67484 | Abyss:1  | Escaped into the Abyss
 67843 | Abyss:1  | Found a corrupted altar of Lugonu.
 68056 | Abyss:1  | Found a corrupted altar of Lugonu.
 68143 | Abyss:1  | Found a corrupted altar of Lugonu.
 68187 | Abyss:1  | Found a corrupted altar of Lugonu.
 68733 | Abyss:3  | Got an abyssal rune of Zot
 68747 | Depths:2 | Escaped the Abyss
 68914 | Dis:1    | Entered Level 1 of the Iron City of Dis
 69941 | Dis:6    | Reached skill level 27 in Fighting
 70052 | Dis:7    | Entered Level 7 of the Iron City of Dis
 70658 | Dis:7    | Noticed a juggernaut
 70680 | Dis:7    | Killed a juggernaut
 70807 | Dis:7    | Identified the amulet "Ijaiberi" {Reflect rElec rPois rN+
                  | SH+5}
 70829 | Dis:7    | Identified the +5 glaive "Ustroot" {flame, Will+ Str+3}
 70835 | Dis:7    | Identified the +10 quarterstaff "Idghaig" {freeze, Str+3
                  | Dex+3}
 71102 | Dis:7    | Reached skill level 10 in Throwing
 71596 | Dis:7    | Noticed a dread lich
 71604 | Dis:7    | Killed a dread lich
 71827 | Dis:7    | Noticed an ancient lich
 71832 | Dis:7    | Killed an ancient lich
 72064 | Dis:7    | Noticed Dispater
 72087 | Dis:7    | Noticed a juggernaut
 72096 | Dis:7    | Killed Dispater
 72098 | Dis:7    | Killed a juggernaut
 72286 | Dis:7    | Got an iron rune of Zot
 72287 | Dis:7    | Upgraded the game from 0.32-a0-673-g3729bd50f8 to
                  | 0.32-a0-675-gdc239d62e1
 72441 | Tar:1    | Entered Level 1 of Tartarus
 72842 | Tar:3    | Reached skill level 15 in Throwing
 73526 | Tar:6    | Noticed an ancient lich
 73533 | Tar:6    | Killed an ancient lich
 73647 | Tar:7    | Entered Level 7 of Tartarus
 74261 | Tar:7    | Identified the ring of Pragmatism {rC- MP+9 Str+4 Dex+9}
 74322 | Tar:7    | Noticed Ereshkigal
 74344 | Tar:7    | Killed Ereshkigal
 74368 | Tar:7    | Identified the staff "Kuin Wag" {rC+ Conj Tloc}
 74508 | Tar:7    | Got a bone rune of Zot
 74615 | Coc:1    | Entered Level 1 of Cocytus
 75724 | Coc:3    | Reached skill level 5 in Dodging
 76009 | Coc:4    | Paralysed by a wendigo for 1 turns
 76017 | Coc:4    | Paralysed by a wendigo for 1 turns
 76317 | Coc:5    | Paralysed by a wendigo for 1 turns
 76661 | Coc:7    | Entered Level 7 of Cocytus
 77108 | Coc:7    | HP: 2/130 [Ice Fiend (16)]
 77108 | Coc:7    | Mangled by an Ice Fiend

Illustrated notes

Levels and vault maps discovered:
D:1:      dpeg_arrival_simpleton_c, layout_basic, serial_shops,
          nicolae_shop_industrial_runoff, chequers_serial_rivers_micro_b,
          minmay_nonomino_d4
D:2:      layout_loops_ring, basic_altar, uniq_robin, uniq_terence
D:3:      layout_basic, columned_hall_lemuel
D:4:      layout_gridville, minmay_temple_entry_purple_smoke,
          hangedman_decor_peaks_small, kennysheep_path_1, serial_bayou_ford_a,
          kennysheep_potato
D:5:      layout_basic, nicolae_overflow_crystal_walls,
          mainiacjoe_overflow_alcove_4, uniq_duvessa, uniq_crazy_yiuf_cottage,
          uniq_ijyb
D:6:      minmay_thinvault, layout_basic, zin_scriptorium, grunt_decor_cap
D:7:      layout_loops_corners, mainiacjoe_overflow_surrounded_room,
          nicolae_qazlal_beasts_of_the_sky, st_stairs_1, nicolae_stop_n_shop_1,
          serial_library_hellmonk_narrow_alcove, uniq_menkaure
D:8:      layout_layer_cave, lemuel_crystal_altar, david_lair_generic,
          ebering_ghost_xom, hangedman_decor_points, kennysheep_flooded_box,
          st_stairs_1, uniq_gastronok, uniq_joseph, uniq_maggie
D:9:      layout_basic, nicolae_overflow_hidden_temple, kennysheep_little_box,
          mainiacjoe_overflow_catwalk_spiral, uniq_jeremiah
D:10:     layout_loops_corners, gammafunk_temple_overflow_forgotten,
          orc_david_3, serial_undead, serial_undead_d, serial_undead_f,
          serial_undead_c, serial_undead_b, serial_undead_c, serial_undead_a,
          kb_rosetta, uniq_maurice
D:11:     layout_basic
D:12:     layout_big_octagon, uniq_rupert, uniq_sonja, uniq_nergalle
D:13:     layout_roguey, david_vaults_5, portal_ice_cave_demonic_guard,
          serial_shops, shop, hangedman_decor_riveting
D:14:     layout_basic
D:15:     grunt_enter_depths_snipers, layout_small_grid, serial_bayou,
          serial_bayou_pond_e, serial_bayou_lake_a, serial_bayou_pond_e,
          serial_bayou_pond_c, serial_bayou_shore_a, fedhas_altar_4,
          uniq_roxanne
Temple:   nicolae_temple_superstar
Lair:1:   layout_roguey, hellmonk_guarded_unrand_zhor
Lair:2:   layout_loops_ring, nicolae_swamp_entry_splash_gauntlet,
          hellmonk_spider_entry_not_the_bees, hellmonk_ghost_happy_afterlife,
          guppyfry_lair_drakes
Lair:3:   layout_cave_pods, special_room [special_room_mythical_zoo],
          lemuel_fruit_fields, lemuel_fruit_fields, grunt_megastairs_5,
          uniq_josephine
Lair:4:   layout_regular_city, chequers_serial_rivers_micro_c,
          gammafunk_lair_bear_cave
Lair:5:   grunt_lair_end_beastmaster, layout_gridlike, dpeg_slime_entry_corner,
          minivault_11
Swamp:1:  layout_basic_swamp, nicolae_swamp_fairy_circle,
          infiniplex_staircase_pool_2
Swamp:2:  layout_basic_swamp, evilmike_swamp_ruin_house_6, uniq_jorgrun
Swamp:3:  layout_falls_marsh, evilmike_swamp_ruin_wall,
          nicolae_swamp_decorative_isthmus
Swamp:4:  byrel_swamp_growth_death_and_undeath, layout_basic_swamp,
          swamp_pool_3, infiniplex_staircase_pool, uniq_bai_suzhen
Spider:1: layout_spider_delve, hive_lemuel, uniq_mlioglotl
Spider:2: layout_spider_delve
Spider:3: layout_spider_delve
Spider:4: floodkiller_spider_rune_tomb
Slime:1:  layout_caves, basic_altar, cheibrodos_slime_lost_civilization_6
Slime:2:  layout_caves
Slime:3:  layout_caves, uniq_dissolution
Slime:4:  layout_caves
Slime:5:  slime_pit
Orc:1:    lemuel_ogre_cave, layout_diamond_mine
Orc:2:    st_orc_pillars, layout_diamond_mine, nicolae_orc_stony_grotto,
          roderic_batcave, nooodl_orcs_dogs
Elf:1:    layout_gridlike, serial_shops, shop, ebering_ghost_xom,
          minmay_elf_sorcery
Elf:2:    elven_hall_of_blades_hangedman_alternative
          [nicolae_blade_entry_antechamber], layout_geoelf_octagon,
          grunt_megastairs_2
Elf:3:    elf_hall_gauntlet_wide, layout_gridlike, serial_sigils,
          serial_sigils_hangedman_shear, serial_sigils_hangedman_leer,
          serial_sigils_hangedman_snap, serial_sigils_hangedman_writhe,
          serial_sigils_hangedman_gut
Vaults:1: ontoclasm_vaults_idyll, nicolae_vaults_house_1, v_misc_18,
          nicolae_vaults_shelves_hall, nicolae_vaults_asterisk,
          vaults_dpeg_ring, nicolae_vaults_little_squares_6,
          nicolae_vaults_sesquioval_fish, nicolae_vaults_trapezoid_2,
          ontoclasm_vaults_decontamination, nicolae_vaults_double_plus_1,
          layout_vaults_quadrants, serial_shops, nicolae_shop_advertising_works
          [nicolae_subvault_shop_adworks]
Vaults:2: mu_enter_wizlab_6, nicolae_vaults_security_offices_4,
          nicolae_vaults_storage_room_glass, nicolae_vaults_more_shelving_1,
          minmay_crypt_entry_simple_plaza,
          nicolae_vaults_windows_and_doors_thing, vaults_room_door_ring,
          nicolae_vaults_shelves_hall, layout_vaults_big_room
Vaults:3: ontoclasm_vaults_misaligned, nicolae_vaults_inception_corners,
          v_misc_11, nicolae_vaults_taking_the_gang_shopping,
          ontoclasm_vaults_ligature, st_octagons_1, ontoclasm_vaults_fault,
          nicolae_vaults_heart-shaped_vault, vaults_room_hallway,
          minmay_orc_keep, nicolae_vaults_heart-shaped_vault,
          nicolae_vaults_house_1, nicolae_vaults_little_squares_1,
          vaults_room_mumra_shop_pool, layout_vaults_maze_bifur, serial_shops,
          nicolae_shop_real_fake_doors
Vaults:4: nicolae_vaults_closet_pinwheel_6, nicolae_vaults_apartment_1,
          vaults_standard_mumra_x, nicolae_vaults_house_2, v_misc_1,
          grunt_vaults_hallway_long, nicolae_vaults_variable_pillar_hall_cross,
          vaults_room_door_ring, nicolae_vaults_prndl, hangedman_vaults_cutoff,
          nicolae_vaults_tetromino_L_1, nicolae_vaults_prndl, v_misc_11,
          nicolae_vaults_alarming, nicolae_vaults_double_plus_2,
          nicolae_vaults_trapezoid_lopsided_3, nicolae_vaults_lightning_bolt,
          layout_vaults_omnibox, uniq_norris
Vaults:5
Crypt:1:  layout_misc_corridors, nicolae_crypt_crosshalls
Crypt:2:  layout_misc_corridors
Crypt:3:  due_elkab, layout_chaotic_city, tomb_entry_simple_bobbens,
          nicolae_crypt_lounge_for_the_living
Tomb:1
Depths:1: layout_gridlike, minmay_misc_feat_cross, abyss_entry, hell_entry,
          hangedman_blasphemy, uniq_boris
Depths:2: kennysheep_snake, layout_cave_pools, grunt_pan_entry_sceptre,
          serial_shops, shop, hangedman_coc_ice_floe, hex_tiny,
          minmay_starry_boxes
Depths:3: nzn_winding_woodlands_stair_cross [nzn_winding_woodlands_5x15_jagged,
          nzn_winding_woodlands_center_triple_pond,
          nzn_winding_woodlands_5x15_default,
          nzn_winding_woodlands_5x5_checkerboard,
          nzn_winding_woodlands_5x5_closed_star,
          nzn_winding_woodlands_5x15_default,
          nzn_winding_woodlands_center_garden,
          nzn_winding_woodlands_5x15_lazy_stream], layout_small_grid,
          enter_ziggurat_d, pf_hell_entry_great_geh, abyss_entry,
          lemuel_round_altar
Depths:4: grunt_zot_entry_bicorn, layout_gridlike, grunt_decor_clamped,
          serial_shops, nicolae_shop_peninsula, hell_entry, grunt_megastairs_3
Hell
Dis:1:    hangedman_dis_decor_blocks_talon, layout_gridville
Dis:2:    layout_overlapping_boxes
Dis:3:    layout_regular_city
Dis:4:    layout_gridville, nicolae_dis_emergency_hatch
Dis:5:    nicolae_hells_demon_pit, layout_gridville
Dis:6:    layout_subdivisions
Dis:7:    dis_st
Coc:1:    layout_cocytus_water_paths
Coc:2:    layout_cocytus_water_paths
Coc:3:    layout_ice_bergs
Coc:4:    layout_ice_bergs
Coc:5:    layout_ice_bergs
Coc:6:    layout_cocytus_water_paths
Coc:7:    coc_dpeg
Tar:1:    layout_honeycomb
Tar:2:    layout_cathedral_of_symmetry
Tar:3:    layout_honeycomb, nicolae_tar_stay_or_leave
Tar:4:    layout_grid_maze
Tar:5:    layout_honeycomb
Tar:6:    layout_grid_maze, nicolae_tar_cuneiform_two
Tar:7:    tar_grunt_cathedral
Zot:1:    regret_index_zot_pan_timeshare, layout_gridlike, uniq_parghit
Zot:2:    layout_gridlike
Zot:3:    gammafunk_sealed_library, layout_basic, regret_index_zotdec_onion_hex,
          uniq_grunn
Zot:4:    layout_basic, zot_minivault_5, uniq_josephina
Zot:5:    layout_basic

Skill      XL: |  1  2  3  4  5  6  7  8  9 10 11 12 13 14 15 16 17 18 19 20 21 22 23 24 25 26 |
---------------+-------------------------------------------------------------------------------+-----
Shields        | 3 4 5 6 7 8 9 11 14 15 16 17 18 19 20 21 22 | 22.0
Unarmed Combat | 3 5 6 8 10 12 14 15 17 18 19 20 22 23 24 26 27 | 27.0
Fighting       | 3 4 5 6 7 8 10 13 15 16 17 18 19 20 27 | 27.0
Shapeshifting  | 8 13 16 17 18 19 20 21 23 | 23.3
Throwing       | 2 4 19 | 19.2
Necromancy     | 9 |  9.0
Dodging        | 9 |  9.2

Action                     |  1- 3 |  4- 6 |  7- 9 | 10-12 | 13-15 | 16-18 | 19-21 | 22-24 | 25-27 || total
---------------------------+-------+-------+-------+-------+-------+-------+-------+-------+-------++-------
  Melee: Unarmed           |    64 |   275 |   308 |   718 |  1552 |  1078 |  1144 |  1359 |  2667 ||  9165
         Headbutt          |       |       |       |       |       |       |       |       |   425 ||   425
  Throw: Large rock        |       |     1 |       |       |     3 |       |     3 |       |    95 ||   102
         Dart              |       |       |       |     7 |     2 |       |       |       |       ||     9
         Stone             |       |       |       |       |     2 |     1 |       |       |       ||     3
         Javelin           |       |       |       |       |       |       |       |       |     1 ||     1
   Cast: Fugue of the Fall |       |       |       |       |       |       |    13 |     2 |     1 ||    16
 Invoke: Sacrifice Arcana  |       |     1 |       |       |       |       |       |       |       ||     1
         Sacrifice Experie |       |     1 |       |       |       |       |       |       |       ||     1
         Draw Out Power    |       |       |     3 |     1 |     3 |     2 |     2 |     1 |     1 ||    13
         Power Leap        |       |       |     1 |       |     2 |       |       |       |       ||     3
         Sacrifice Artific |       |       |     1 |       |       |       |       |       |       ||     1
         Sacrifice Durabil |       |       |       |     1 |       |       |       |       |       ||     1
         Apocalypse        |       |       |       |     4 |    11 |    10 |    11 |     6 |     6 ||    48
         Reject Sacrifices |       |       |       |     1 |       |       |       |       |       ||     1
         Sacrifice Purity  |       |       |       |       |     1 |       |       |       |       ||     1
         Sacrifice Essence |       |       |       |       |     1 |       |       |       |       ||     1
    Use: Potion            |     1 |     3 |       |     1 |     4 |     9 |     3 |       |    18 ||    39
         Scroll            |       |    10 |     5 |    10 |     7 |     9 |     5 |     2 |    11 ||    59
   Stab: Distracted        |       |       |     2 |     2 |     3 |     7 |     3 |     5 |    17 ||    39
         Invisible         |       |       |       |     8 |    14 |     5 |     2 |     2 |    11 ||    42
         Confused          |       |       |       |     2 |       |       |       |       |       ||     2
         Paralysed         |       |       |       |     2 |    24 |    10 |    22 |    11 |    26 ||    95
         Petrified         |       |       |       |       |     3 |       |       |       |       ||     3
         Sleeping          |       |       |       |       |       |     2 |     1 |       |       ||     3
 Armour: Robe              |    42 |   167 |    17 |       |       |       |       |       |       ||   226
         Steam dragon scal |       |       |   189 |   289 |       |       |       |       |       ||   478
         Animal skin       |       |       |       |   117 |   743 |       |       |       |       ||   860
         Skin              |       |       |       |       |    92 |  1036 |   837 |   914 |  1571 ||  4450
  Dodge: Dodged            |    15 |    78 |    97 |   141 |   348 |   564 |   329 |   380 |   703 ||  2655
  Block: Kite shield       |    18 |    90 |   110 |   275 |   402 |       |       |       |       ||   895
         Tower shield      |       |       |       |       |   510 |  1286 |  1355 |  1864 |  3619 ||  8634
         Reflection        |       |       |       |       |       |       |       |    19 |       ||    19
   Form: Statue            |       |       |       |       |     1 |       |       |       |     1 ||     2
         Storm             |       |       |       |       |       |       |       |       |     1 ||     1

Table legend: (Time is in decaauts)
 A = Elapsed time spent in this place.
 B = Non-inter-level travel time spent in this place.
 C = Inter-level travel time spent in this place.
 D = Time resting spent in this place.
 E = Time spent auto-exploring this place.
 F = Levels seen in this place.
 G = Mean time per level.
                   A        B        C        D        E       F      G
               +--------+--------+--------+--------+--------+-----+--------+
         Total |  98950 |  86702 |  12248 |  12360 |  47495 | 100 |  989.5 |
       Dungeon |  17783 |  13747 |   4036 |    630 |   9957 |  15 | 1185.5 |
        Temple |     45 |     45 |      0 |     30 |      0 |   1 |   45.0 |
          Lair |   6982 |   5685 |   1297 |    397 |   3725 |   5 | 1396.4 |
         Swamp |   3772 |   3532 |    240 |    303 |   2314 |   4 |  943.0 |
   Spider Nest |   4878 |   4271 |    607 |    585 |   2314 |   4 | 1219.5 |
    Slime Pits |   1592 |   1303 |    289 |    603 |      9 |   5 |  318.4 |
  Orcish Mines |   2371 |   1915 |    456 |     76 |   1131 |   2 | 1185.5 |
   Elven Halls |   5601 |   5132 |    469 |    528 |   3144 |   3 | 1867.0 |
        Vaults |  10334 |   9178 |   1156 |   1125 |   5946 |   5 | 2066.8 |
         Crypt |   4204 |   3889 |    315 |    136 |   2623 |   3 | 1401.3 |
          Tomb |    561 |    551 |     10 |    157 |     40 |   1 |  561.0 |
        Depths |   8865 |   7370 |   1495 |    772 |   4672 |   4 | 2216.2 |
          Hell |   2154 |   1852 |    302 |   1012 |    567 |   1 | 2154.0 |
           Dis |   4578 |   4330 |    248 |   1515 |   1312 |   7 |  654.0 |
       Cocytus |   2007 |   1529 |    478 |    738 |    198 |   7 |  286.7 |
      Tartarus |   2792 |   2504 |    288 |    885 |    433 |   7 |  398.9 |
           Zot |   6640 |   6086 |    554 |    432 |   4540 |   5 | 1328.0 |
         Abyss |   1688 |   1688 |      0 |      0 |    457 |   3 |  562.7 |
   Pandemonium |   8915 |   8915 |      0 |   1309 |   3229 |  16 |  557.2 |
      Ice Cave |    830 |    830 |      0 |    197 |    161 |   1 |  830.0 |
        Wizlab |   2350 |   2350 |      0 |    927 |    718 |   1 | 2350.0 |
               +--------+--------+--------+--------+--------+-----+--------+

Top non-repeatable levels by time:
   Dis:7: 3307 daAuts
   Elf:3: 2520 daAuts
Depths:1: 2512 daAuts
Vaults:5: 2486 daAuts
Depths:2: 2353 daAuts
  WizLab: 2350 daAuts
Vaults:4: 2300 daAuts
 Crypt:3: 2200 daAuts
    Hell: 2154 daAuts
Vaults:2: 2090 daAuts
Depths:4: 2061 daAuts
  Lair:2: 1961 daAuts
Depths:3: 1937 daAuts
    D:15: 1897 daAuts
    D:10: 1872 daAuts
